[Event "Team 45 45 League T40"]
[Site "Internet Chess Club"]
[Date "2009.02.16"]
[Round "3"]
[White "CKNIGHT3"]
[Black "SeniorCitizen"]
[Result "1/2-1/2"]
[WhiteElo "1331"]
[BlackElo "1368"]
[Opening "French: advance, Nimzovich system"]
[ECO "C02"]
[Time "17:30:44"]
[TimeControl "2700+45"]

1. d4 e6 2. e4 d5 3. e5 c5 4. Nf3 Nc6 5. Bb5 Bd7 6. Bxc6 Bxc6 7. Nc3 Qb6 8. O-O
cxd4 9. Qxd4 Qxd4 10. Nxd4 Ne7 11. Ndb5 Kd7 12. Nd6 f6 13. Nf7 Rg8 14. exf6 gxf6
15. Rd1 Kc7 16. b4 Be8 17. Nh6 Bxh6 18. Bxh6 a6 19. a4 Rd8 20. Be3 Rg6 21. a5
Kc8 22. Bc5 Nf5 23. Ne2 e5 24. f4 Bc6 25. c3 Rdg8 26. g3 Re8 27. fxe5 fxe5 28.
Rf1 Bb5 29. Rxf5 Bxe2 30. Re1 Bb5 31. Rexe5 Rxe5 32. Rxe5 Bc6 33. Kf2 Rf6+ 34.
Ke3 Rf7 35. Kd4 Kd7 36. c4 dxc4 37. Kxc4 Kc8 38. Re7 Rxe7 39. Bxe7 Kd7 40. Bc5
Ke6 41. h4 Kf5 42. Bd6 Ke6 43. Bf4 h5 44. Kd4 {Game drawn by mutual agreement}
1/2-1/2

[Event "Team 45 45 League T40"]
[Site "Internet Chess Club"]
[Date "2009.02.13"]
[Round "3"]
[White "kjs110"]
[Black "smsxman"]
[Result "0-1"]
[WhiteElo "1148"]
[BlackElo "1458"]
[Opening "Queen's pawn game"]
[ECO "D00"]
[Time "12:55:42"]
[TimeControl "2700+45"]

1. d4 d5 2. b3 Nf6 3. Nf3 Nc6 4. e3 e6 5. Ne5 Bd7 6. Bd3 Be7 7. O-O O-O 8. Bb2
Ne4 9. f3 Nf6 10. Nxd7 Qxd7 11. c4 Nb4 12. Be2 c5 13. a3 Nc6 14. Nc3 cxd4 15.
exd4 dxc4 16. bxc4 Nxd4 17. Ne4 Nxe4 18. Bxd4 Bc5 19. Bxc5 Nxc5 20. Qxd7 Nxd7
21. Rfd1 Nc5 22. Rab1 b6 23. f4 Rab8 24. Rd6 Ne4 25. Rd7 a5 26. Rc7 Nc3 27. Rb2
Rfd8 28. Bf3 Na4 29. Rb1 Nc3 30. Rb2 Na4 31. Rb1 g6 32. Rc6 Rd3 33. Be2 Rxa3 34.
Bd1 Nc3 35. Rbxb6 Rxb6 36. Rxb6 Nxd1 37. Rb8+ Kg7 38. Rb1 Ne3 39. c5 Nd5 40. c6
Rc3 41. Rb5 a4 42. Ra5 a3 43. g3 Kf8 44. Ra8+ Ke7 45. Ra7+ Kd6 46. Rxf7 Rxc6 47.
Rxh7 Ra6 48. Rh8 a2 49. Rd8+ Ke7 {White resigns} 0-1

[Event "Team 45 45 League T40"]
[Site "Internet Chess Club"]
[Date "2009.02.11"]
[Round "3"]
[White "KingOfHearts"]
[Black "chips"]
[Result "1-0"]
[WhiteElo "1280"]
[BlackElo "1199"]
[Opening "Scandinavian (center counter) defense"]
[ECO "B01"]
[Time "22:02:54"]
[TimeControl "2700+45"]

1. e4 d5 2. exd5 Qxd5 3. Nc3 Qe5+ 4. Be2 e6 5. Nf3 Qf6 6. d4 Bb4 7. Bd2 Ne7 8.
O-O O-O 9. a3 Bxc3 10. bxc3 h6 11. Ne5 Nd5 12. f4 Qd8 13. Rf3 Nf6 14. Bd3 b6 15.
Rg3 Bb7 16. f5 Be4 17. Bxh6 Bxf5 18. Rxg7+ Kh8 19. Nxf7+ Rxf7 20. Rxf7 Bg4 21.
Be2 Bxe2 22. Qxe2 Nc6 23. Rf8+ {Black resigns} 1-0

[Event "Team 45 45 League T40"]
[Site "Internet Chess Club"]
[Date "2009.02.13"]
[Round "3"]
[White "albacore"]
[Black "rookmaster23"]
[Result "0-1"]
[WhiteElo "1405"]
[BlackElo "1298"]
[Opening "Queen's bishop game"]
[ECO "D02"]
[Time "20:00:11"]
[TimeControl "2700+45"]

1. d4 d5 2. Nf3 Nf6 3. Bf4 e6 4. e3 Be7 5. h3 O-O 6. Bd3 c5 7. c3 c4 8. Bc2 b5
9. Nbd2 Bb7 10. Ne5 Nbd7 11. g4 Nb6 12. g5 Nfd7 13. Bxh7+ Kxh7 14. Qh5+ Kg8 15.
Rg1 Nxe5 16. Bxe5 Bxg5 17. Qxg5 Qxg5 18. Rxg5 f6 19. Bxf6 Rxf6 20. f4 a5 21.
O-O-O b4 22. Rdg1 Rf7 23. Nf3 Na4 24. Ne5 Rc7 25. e4 bxc3 26. bxc3 Nxc3 27. R1g2
Nxe4 28. Rg6 Rf8 29. Rxe6 Rxf4 30. Rh6 Nc3 31. Ng6 gxh6 32. Nxf4+ Kf7 33. Nh5
Ke6 34. Rg6+ Kf5 35. Rxh6 Nxa2+ 36. Kb2 c3+ 37. Kc2 Nb4+ 38. Kc1 Nd3+ 39. Kc2 a4
40. Ng3+ Kg5 41. Rh5+ Kf4 42. Ne2+ Ke4 43. Nxc3+ Kxd4 44. Rh4+ Ke3 45. Rd4 Kxd4
{White resigns} 0-1

[Event "Team 45 45 League T40"]
[Site "Internet Chess Club"]
[Date "2009.02.15"]
[Round "3"]
[White "PawnSensei"]
[Black "Glassywoman"]
[Result "0-1"]
[WhiteElo "1405"]
[BlackElo "1486"]
[Opening "Philidor: exchange variation"]
[ECO "C41"]
[Time "12:06:30"]
[TimeControl "2700+45"]

1. e4 e5 2. Nf3 d6 3. d4 exd4 4. Nxd4 h6 5. Bd3 Nf6 6. O-O Be7 7. f4 O-O 8. Nc3
c5 9. Nf3 Qb6 10. Kh1 Ng4 11. Nd5 Qd8 12. h3 Nf6 13. b3 Nxd5 14. exd5 Bf6 15.
Rb1 a6 16. c4 Nd7 17. f5 Ne5 18. Nxe5 Bxe5 19. Qg4 Qf6 20. Bd2 b5 21. Rbe1 b4
22. Bf4 a5 23. Bxe5 dxe5 24. Qe4 Re8 25. d6 Ba6 26. Qd5 Rad8 27. Qxc5 Rxd6 28.
Be4 Qd8 29. Bd5 Qb6 30. Qxb6 Rxb6 31. Re4 Kf8 32. Rfe1 f6 33. g4 Bb7 34. Bxb7
Rxb7 35. Rd1 Ra7 36. c5 Rc8 37. Rc4 Ke7 38. c6 Rd8 39. Rdc1 Rc7 40. Rc5 Ra8 41.
Rd1 a4 42. Rc4 axb3 43. axb3 Rb8 44. Kg2 Rb6 45. Rdc1 Rb5 46. Kg3 Kd6 47. Rd1+
Rd5 48. Rxd5+ Kxd5 49. Rxb4 Rxc6 50. Rb7 e4 51. Kf4 Rc3 52. Rd7+ Kc6 53. Rxg7
Rxb3 54. Rg6 Kd5 {White resigns} 0-1

[Event "Team 45 45 League T40"]
[Site "Internet Chess Club"]
[Date "2009.02.16"]
[Round "3"]
[White "JustinZ"]
[Black "Prop"]
[Result "0-1"]
[WhiteElo "1242"]
[BlackElo "1367"]
[Opening "Ruy Lopez: Cozio defense"]
[ECO "C60"]
[Time "08:10:10"]
[TimeControl "2700+45"]

1. e4 e5 2. Nf3 Nc6 3. Bb5 Nge7 4. O-O a6 5. Ba4 b5 6. Bb3 Ng6 7. c3 Be7 8. d4
O-O 9. dxe5 Ngxe5 10. Nxe5 Nxe5 11. Qd5 Nc6 12. e5 Bb7 13. Bf4 Na5 14. Qd3 Nxb3
15. axb3 Bg5 16. Bxg5 Qxg5 17. Qg3 Qxg3 18. fxg3 Rfe8 19. Rd1 Rad8 20. Re1 f6
21. Nd2 fxe5 22. Nf3 e4 23. Nd2 d5 24. Rad1 c5 25. c4 e3 26. Nf3 bxc4 27. bxc4
d4 28. b4 e2 29. Rd2 d3 30. bxc5 Bc6 31. Ng5 Ba4 32. Nh3 Bb3 33. Nf2 Bxc4 34. c6
Re3 35. Ng4 Re6 36. c7 Rc8 37. Kf2 Rxc7 38. Ne3 Bb5 39. Nf5 Rd7 40. Ne3 Rf7+ 41.
Kg1 Rxe3 {White resigns} 0-1

[Event "Team 45 45 League T40"]
[Site "Internet Chess Club"]
[Date "2009.02.15"]
[Round "3"]
[White "WzeroMN"]
[Black "rgadoury"]
[Result "0-1"]
[WhiteElo "1211"]
[BlackElo "1255"]
[Opening "Sicilian defense"]
[ECO "B32"]
[Time "18:00:05"]
[TimeControl "2700+45"]

1. e4 c5 2. Nf3 Nc6 3. d4 cxd4 4. Nxd4 Nxd4 5. Qxd4 d6 6. Nc3 a6 7. Bc4 e6 8.
Bd2 Nf6 9. f4 Be7 10. O-O-O O-O 11. h3 Bd7 12. g4 e5 13. fxe5 dxe5 14. Qxe5 Bc6
15. Be3 Qe8 16. g5 Nd7 17. Qg3 Nc5 18. Bxc5 Bxc5 19. Rhe1 Rd8 20. g6 Rxd1+ 21.
Rxd1 hxg6 22. Qxg6 Be3+ 23. Kb1 Bh6 24. Rg1 Kh8 25. Re1 fxg6 {White resigns} 0-1

[Event "Team 45 45 League T40"]
[Site "Internet Chess Club"]
[Date "2009.02.14"]
[Round "3"]
[White "Portola"]
[Black "budugu"]
[Result "1-0"]
[WhiteElo "1760"]
[BlackElo "1534"]
[Opening "Torre attack (Tartakower variation)"]
[ECO "D03"]
[Time "23:00:08"]
[TimeControl "2700+45"]

1. d4 d5 2. Nf3 Nf6 3. Bg5 e6 4. Nbd2 Be7 5. e3 h6 6. Bh4 O-O 7. Bd3 b6 8. O-O
Ba6 9. Bxa6 Nxa6 10. c3 c5 11. Qe2 Nc7 12. Bg3 Bd6 13. Ne5 c4 14. Rab1 Nd7 15.
Nc6 Qf6 16. Bxd6 e5 17. Bxf8 Nxf8 18. Nxe5 {Black resigns} 1-0

[Event "Team 45 45 League T40"]
[Site "Internet Chess Club"]
[Date "2009.02.17"]
[Round "3"]
[White "Emrebey"]
[Black "kwameh72"]
[Result "1-0"]
[WhiteElo "1604"]
[BlackElo "1670"]
[Opening "Scandinavian: Pytel-Wade variation"]
[ECO "B01"]
[Time "14:03:37"]
[TimeControl "2700+45"]

1. e4 d5 2. exd5 Qxd5 3. Nc3 Qd6 4. g3 Nf6 5. Bg2 c6 6. h3 Bf5 7. Nf3 e5 8. O-O
Nbd7 9. Re1 O-O-O 10. d3 h6 11. Nd2 g5 12. Qf3 Be6 13. Nde4 Nxe4 14. Nxe4 Qe7
15. Be3 Kb8 16. b4 f5 17. Nc5 g4 18. hxg4 fxg4 19. Qe4 Nxc5 20. Bxc5 Qg7 21.
Bxf8 Rhxf8 22. Qxe5+ Qxe5 23. Rxe5 Bd5 24. Bxd5 cxd5 25. Rae1 Rf7 26. Re8 Rxe8
27. Rxe8+ Kc7 28. Re5 Kd6 29. Rh5 Rf6 30. d4 Kc6 31. b5+ Kxb5 32. Rxd5+ Kc4 33.
Rd7 Rb6 34. d5 Kc3 35. Rc7+ Kd4 36. c4 Ra6 37. d6 Rxd6 38. Rxb7 Ra6 39. Rg7 h5
40. c5 Rxa2 41. c6 Kd5 42. c7 Rc2 43. c8=Q Rxc8 44. Rxa7 Ke4 45. Kg2 Rc5 46.
Ra4+ Kd3 47. Rf4 Re5 48. Ra4 Rf5 49. Ra3+ Ke2 50. Kg1 Rf3 51. Ra5 Rb3 52. Rxh5
Rb1+ 53. Kg2 Rb3 54. Re5+ Kd2 55. Re4 Rb4 56. Rxb4 {Black resigns} 1-0

[Event "Team 45 45 League T40"]
[Site "Internet Chess Club"]
[Date "2009.02.13"]
[Round "3"]
[White "Rhel"]
[Black "g8wrb"]
[Result "1-0"]
[WhiteElo "1580"]
[BlackElo "1571"]
[Opening "Queen's Indian: Petrosian system"]
[ECO "E12"]
[Time "14:31:09"]
[TimeControl "2700+45"]

1. d4 e6 2. c4 Nf6 3. Nf3 b6 4. a3 Ba6 5. b3 d5 6. cxd5 exd5 7. b4 Bd6 8. Nc3
O-O 9. Bg5 c6 10. Qc2 Re8 11. g3 Nbd7 12. Bh3 Qc7 13. O-O Re7 14. Bxd7 Qxd7 15.
Bxf6 gxf6 16. Nh4 Bc8 17. e4 Qg4 18. Nf5 Bxf5 19. exf5 Qxd4 20. Rfd1 Qc4 21.
Rac1 Rae8 22. Qa4 b5 23. Qa6 Bf4 24. gxf4 Qxf4 25. Nxd5 Qg5+ 26. Kh1 cxd5 27.
Rg1 d4 28. Rxg5+ fxg5 29. Qxb5 Rd8 30. Qd3 Re5 31. Rc5 Re1+ 32. Kg2 Rde8 33.
Qxd4 R1e4 34. Qf6 Rg4+ 35. Kf1 h5 36. Rc7 Rf8 37. h3 {Black resigns} 1-0

[Event "Team 45 45 League T40"]
[Site "Internet Chess Club"]
[Date "2009.02.13"]
[Round "3"]
[White "ShanghaiTom"]
[Black "rubo"]
[Result "1/2-1/2"]
[WhiteElo "1751"]
[BlackElo "1739"]
[Opening "Réti: King's Indian attack"]
[ECO "A05"]
[Time "02:00:15"]
[TimeControl "2700+45"]

1. Nf3 Nf6 2. g3 g6 3. Bg2 Bg7 4. O-O O-O 5. Nc3 d5 6. d4 Re8 7. Re1 Nc6 8. e3
Bg4 9. h3 Bxf3 10. Bxf3 Qd7 11. Bg2 Rad8 12. b3 e5 13. dxe5 Nxe5 14. Bb2 c5 15.
Rb1 b6 16. Ne2 Qd6 17. Nf4 g5 18. Nd3 Ne4 19. Nxe5 {Game drawn by mutual
agreement} 1/2-1/2

[Event "Team 45 45 League T40"]
[Site "Internet Chess Club"]
[Date "2009.02.16"]
[Round "3"]
[White "rayngrant"]
[Black "clarinetref"]
[Result "1/2-1/2"]
[WhiteElo "1526"]
[BlackElo "1670"]
[Opening "Pirc: Austrian attack, dragon formation"]
[ECO "B07"]
[Time "21:03:47"]
[TimeControl "2700+45"]

1. e4 d6 2. d4 g6 3. Nc3 Bg7 4. f4 Nf6 5. Nf3 c5 6. dxc5 Qa5 7. Qe2 Qxc5 8. Be3
Qa5 9. Qb5+ Qxb5 10. Nxb5 Na6 11. Bd3 b6 12. O-O O-O 13. Bd2 Bb7 14. e5 dxe5 15.
Nxe5 Nc5 16. Bb4 Nd5 17. Bxc5 bxc5 18. Be4 Bxe5 19. fxe5 c4 20. Rad1 e6 21. Nd6
Bc6 22. Nxc4 Rad8 23. Bxd5 Bxd5 24. Nd6 Rb8 25. b3 Rb4 26. c4 Bc6 27. Rf6 Rbb8
28. Rdf1 Be8 29. c5 Bb5 30. Rc1 Bc6 31. Rc3 a5 32. a4 Rb4 33. Rf2 Rd4 34. Re2
Rd1+ 35. Kf2 Rd4 36. g3 h5 37. Nb5 Rb4 38. Na7 Bb7 39. c6 Bc8 40. c7 Rd4 41. Nc6
Rd7 42. Nxa5 Ba6 43. Rec2 Rc8 44. b4 Bd3 45. Rc1 Be4 46. Ke3 Bf5 47. b5 Rd5 48.
Nc6 Rxc7 49. b6 Rxc6 50. Rxc6 Rxe5+ 51. Kf2 Be4 52. Rc8+ Kg7 53. a5 Rxa5 54.
R8c7 Rb5 55. Ke3 Bd5 56. Re7 Rxb6 57. Rcc7 Rb3+ 58. Kd4 Rf3 59. Rc3 Rf5 60. h4
g5 61. hxg5 Rxg5 62. Re3 Kf6 63. Rc7 Rg4+ 64. Kc5 Kg6 65. Kd6 f5 66. Rc8 Kf7 67.
Ke5 h4 68. gxh4 Rxh4 69. Rc7+ Kg6 70. Rg3+ Rg4 71. Rxg4+ fxg4 72. Kf4 Bf3 73.
Rc5 Kf6 74. Rg5 Bd1 75. Re5 Bf3 76. Rg5 Bd1 {Game drawn by mutual agreement}
1/2-1/2

[Event "Team 45 45 League T40"]
[Site "Internet Chess Club"]
[Date "2009.02.16"]
[Round "3"]
[White "jazzyrick"]
[Black "kublai"]
[Result "0-1"]
[WhiteElo "1479"]
[BlackElo "1502"]
[Opening "French: exchange variation"]
[ECO "C01"]
[Time "17:00:41"]
[TimeControl "2700+45"]

1. e4 e6 2. d4 d5 3. exd5 exd5 4. h3 Nf6 5. Bd3 Nc6 6. Nf3 Bb4+ 7. c3 Be7 8. O-O
O-O 9. Bg5 Re8 10. Na3 Bxa3 11. bxa3 h6 12. Bf4 Bd7 13. Qd2 Ne7 14. Ne5 Bf5 15.
Be2 c6 16. f3 Nd7 17. g4 Nxe5 18. gxf5 Nc4 19. Bxc4 dxc4 20. f6 Ng6 21. fxg7 Qf6
22. Bxh6 Re6 23. f4 Qf5 24. Kh1 Rae8 25. Qg2 Re2 26. Rf2 Rxf2 27. Qxf2 Qxh3+ 28.
Qh2 Qxc3 29. Rf1 Re3 30. Kg2 Re2+ 31. Rf2 Rxf2+ 32. Kxf2 Qc2+ 33. Kg3 Qxh2+ 34.
Kxh2 c3 35. f5 Ne7 36. f6 Nf5 37. Bf4 Nxd4 38. Kg2 Nb5 39. Bc1 Nd6 40. Kf3 Ne8
41. Bg5 c2 42. Ke2 Nxf6 43. Kd2 c1=Q+ 44. Kxc1 Kxg7 45. Kc2 Kg6 46. Be3 a6 47.
Kd3 Kf5 48. Bc5 Nd7 49. Be3 Ke5 50. Kc4 b6 51. a4 a5 52. Bd4+ Ke4 53. Bg1 f5 54.
Bh2 f4 55. a3 f3 56. Bg1 Ne5+ 57. Kc3 b5 58. axb5 cxb5 59. Bb6 Nd3 60. Kb3 a4+
61. Kc3 Ne5 62. Kb4 Nc4 63. Bc5 Ne3 {White resigns} 0-1

[Event "Team 45 45 League T40"]
[Site "Internet Chess Club"]
[Date "2009.02.16"]
[Round "3"]
[White "Just-Jim"]
[Black "Aquaman"]
[Result "1-0"]
[WhiteElo "1378"]
[BlackElo "1403"]
[Opening "QP counter-gambit: Maroczy gambit"]
[ECO "C40"]
[Time "15:00:10"]
[TimeControl "2700+45"]

1. e4 e5 2. Nf3 d5 3. exd5 Bd6 4. Bb5+ Bd7 5. Bxd7+ Nxd7 6. Nc3 Ngf6 7. d3 h6 8.
O-O O-O 9. Re1 Re8 10. h3 Nb6 11. Nh4 Nfxd5 12. Re4 Nf4 13. Qg4 Qg5 14. Qxg5
hxg5 15. Nf5 Rad8 16. Kh2 f6 17. Be3 g6 18. Nxd6 cxd6 19. Nb5 Nfd5 20. Bxb6 axb6
21. Ra4 Ne7 22. Nc7 Kf7 23. Nxe8 Kxe8 24. Rb4 Nc8 25. Re1 Kf7 26. g4 f5 27. gxf5
gxf5 28. Rc4 Rd7 29. Rxc8 b5 30. Rc3 Ke6 31. Rb3 Rc7 32. c3 Rh7 33. f3 g4 34.
fxg4 fxg4 35. Rg1 Rxh3+ 36. Kg2 Rxd3 37. Rxb5 Rd2+ 38. Kg3 Kf5 39. Rf1+ Kg5 40.
Rxb7 Rd3+ 41. Kf2 g3+ 42. Kg2 Rd2+ 43. Kxg3 Rd3+ 44. Kh2 Rd2+ 45. Kg1 Kg6 46. a4
e4 47. Rf2 e3 48. Rg2+ Kf6 49. Rh7 e2 50. Rxe2 Rxe2 51. Rb7 Rc2 52. a5 Rc1+ 53.
Kf2 Ra1 54. Rb5 Ke6 55. c4 Kd7 56. b4 Ra2+ 57. Ke3 Kc6 58. Kd3 Ra1 59. Rb6+ Kc7
60. Ra6 Kb7 61. b5 Ra3+ 62. Kd4 Ra4 63. Kd5 Rb4 64. Rxd6 Ra4 65. a6+ Ka7 66.
Rd7+ Kb6 67. Rb7+ Ka5 68. a7 Kb4 69. b6 Ra5+ 70. Kd4 Kb3 71. Rb8 Ra4 72. a8=Q
Rxc4+ 73. Kd5 Rb4 74. Qc6 Kb2 75. Qf6+ Kb3 76. Rc8 Rb5+ 77. Ke4 Rb4+ 78. Kd3 Ka2
79. Rc2+ Ka3 80. Qc3+ Ka4 81. Ra2+ Kb5 82. Qe5+ Kc6 83. Rc2+ Kd7 84. Qd5+ Ke8
85. Re2+ Kf8 86. Qf5+ Kg8 87. Rg2+ {Black resigns} 1-0

[Event "Team 45 45 League T40"]
[Site "Internet Chess Club"]
[Date "2009.02.15"]
[Round "3"]
[White "playwaycool"]
[Black "CalyDeArgentina"]
[Result "1-0"]
[WhiteElo "2085"]
[BlackElo "1821"]
[Opening "Trompowsky attack (Ruth, Opocenský opening)"]
[ECO "A45"]
[Time "15:00:08"]
[TimeControl "2700+45"]

1. d4 Nf6 2. Bg5 e6 3. e4 Be7 4. Nd2 d5 5. e5 Nfd7 6. Bxe7 Qxe7 7. c3 O-O 8. f4
c5 9. Ngf3 Nc6 10. Bd3 f5 11. a3 cxd4 12. cxd4 a6 13. Rc1 Re8 14. O-O Nf8 15.
Kh1 Bd7 16. Nb3 b6 17. Qe2 a5 18. Rg1 Ng6 19. Qe3 Nh4 20. Nbd2 Nxf3 21. Nxf3 Kh8
22. g4 g6 23. Ng5 Rg8 24. Rg3 h6 25. Rh3 Kg7 26. gxf5 exf5 27. Bb5 hxg5 28. Bxc6
gxf4 29. Qxf4 Bxc6 30. Qh6+ Kf7 31. Rxc6 Rac8 32. Qh7+ Rg7 33. Rxc8 {Black
resigns} 1-0

[Event "Team 45 45 League T40"]
[Site "Internet Chess Club"]
[Date "2009.02.15"]
[Round "3"]
[White "Gunsmoke"]
[Black "alexcluster"]
[Result "1/2-1/2"]
[WhiteElo "1553"]
[BlackElo "1605"]
[Opening "Sicilian: closed"]
[ECO "B23"]
[Time "15:00:10"]
[TimeControl "2700+45"]

1. e4 c5 2. Nc3 Nf6 3. d3 d6 4. Bf4 Nc6 5. a3 e6 6. g3 Qb6 7. b3 e5 8. Bg5 Be7
9. Qd2 Be6 10. Na4 Qc7 11. Bg2 h6 12. Bxf6 Bxf6 13. Nc3 Bg5 14. f4 exf4 15. gxf4
Bh4+ 16. Kd1 Nd4 17. f5 Bg5 18. Qe1 Bd7 19. h4 Bf6 20. Nd5 Qd8 21. Qg3 Be5 22.
Qf2 Nxf5 23. exf5 Bxa1 24. c3 Qa5 25. Qe3+ Kd8 26. Qe7+ Kc8 27. Qxd6 Kd8 28.
Qe7+ Kc8 29. Qd6 Kd8 30. Qe7+ Kc8 31. Qd6 Kd8 {Game drawn by repetition} 1/2-1/2

[Event "Team 45 45 League T40"]
[Site "Internet Chess Club"]
[Date "2009.02.15"]
[Round "3"]
[White "Juan73"]
[Black "werty"]
[Result "0-1"]
[WhiteElo "1582"]
[BlackElo "1497"]
[Opening "French: exchange, Svenonius variation"]
[ECO "C01"]
[Time "08:00:14"]
[TimeControl "2700+45"]

1. e4 e6 2. d4 d5 3. exd5 exd5 4. Nc3 Nf6 5. Bg5 c6 6. Nf3 Bg4 7. h3 Bh5 8. g4
Bg6 9. Ne5 Be7 10. f4 h6 11. Nxg6 fxg6 12. Bh4 Nxg4 13. Bxe7 Qxe7+ 14. Be2 Qh4+
15. Kd2 Nf2 16. Qe1 Qxf4# {White checkmated} 0-1

[Event "Team 45 45 League T40"]
[Site "Internet Chess Club"]
[Date "2009.02.16"]
[Round "3"]
[White "Despair"]
[Black "Klampin"]
[Result "0-1"]
[WhiteElo "1899"]
[BlackElo "2002"]
[Opening "Benko's opening"]
[ECO "A00"]
[Time "15:00:34"]
[TimeControl "2700+45"]

1. g3 d5 2. Bg2 Nf6 3. c4 c6 4. cxd5 cxd5 5. b3 Bf5 6. Nf3 e6 7. O-O Bd6 8. Bb2
Nc6 9. Nc3 a6 10. Rc1 O-O 11. Nh4 Bg4 12. h3 Bh5 13. d3 Qb6 14. Na4 Qa7 15. Bxf6
gxf6 16. g4 Bg3 17. Nf5 exf5 18. gxh5 Ne7 19. e3 Bd6 20. Qf3 b5 21. Nc3 Rad8 22.
Kh1 d4 23. Ne2 dxe3 24. fxe3 Kh8 25. Rg1 Rg8 26. d4 Qd7 27. Nf4 Rg7 28. h6 Rg5
29. Qf2 Rdg8 30. Bf3 Bxf4 31. exf4 R5g6 32. Rxg6 fxg6 33. Rc5 Qd6 34. Qe3 g5 35.
a4 bxa4 36. bxa4 gxf4 37. Qf2 Rg6 38. Kh2 Rxh6 39. Qb2 Rg6 40. Qe2 Qxd4 41. Qxe7
Qg1# {White checkmated} 0-1

[Event "Team 45 45 League T40"]
[Site "Internet Chess Club"]
[Date "2009.02.16"]
[Round "3"]
[White "quotha"]
[Black "nursey"]
[Result "1-0"]
[WhiteElo "1689"]
[BlackElo "1656"]
[Opening "Giuoco Piano"]
[ECO "C50"]
[Time "15:00:18"]
[TimeControl "2700+45"]

1. e4 e5 2. Nf3 Nc6 3. Bc4 Bc5 4. O-O d6 5. c3 Be6 6. Bxe6 fxe6 7. d4 exd4 8.
cxd4 Bb6 9. d5 exd5 10. exd5 Nce7 11. Ng5 Nf6 12. Nc3 O-O 13. Ne6 Qd7 14. Nxf8
Rxf8 15. a4 c6 16. a5 Bc5 17. Ra4 Nexd5 18. Ne4 Bb4 19. Qb3 Nxe4 20. Rxb4 Nc5
21. Qa2 Ne6 22. Re4 Re8 23. Rfe1 b5 24. f4 a6 25. Qb3 Qf7 26. Qh3 Nec7 27. Rxe8+
Nxe8 28. Qc8 Nc7 29. Qd8 Ne6 30. Qb6 d5 31. Qxc6 N8c7 32. b4 Nxf4 33. Be3 Nd3
34. Rf1 Qe6 35. Qb6 Nxb4 36. Qb8+ Ne8 37. Bc5 g6 38. Bxb4 Qe3+ 39. Kh1 Kg7 40.
Qf4 Qxf4 41. Rxf4 h5 42. Rf8 Nc7 43. Rc8 Ne6 44. Rc6 Kf6 45. Rxa6 d4 46. Rd6 Ke5
47. Rxe6+ {Black resigns} 1-0

[Event "Team 45 45 League T40"]
[Site "Internet Chess Club"]
[Date "2009.02.13"]
[Round "3"]
[White "rayonline53"]
[Black "pelayo"]
[Result "0-1"]
[WhiteElo "1534"]
[BlackElo "1727"]
[Opening "KGD: classical variation"]
[ECO "C30"]
[Time "15:00:15"]
[TimeControl "2700+45"]

1. e4 e5 2. f4 Bc5 3. Nf3 d6 4. Bc4 Nf6 5. d3 Bg4 6. Nbd2 Nc6 7. c3 O-O 8. b4
Bb6 9. a4 a6 10. h3 Bxf3 11. Nxf3 Re8 12. f5 d5 13. exd5 Nxd5 14. Qc2 Nde7 15.
Ng5 Nd5 16. Nf3 Qd6 17. Bd2 e4 18. dxe4 Qg3+ 19. Kd1 Qxg2 20. Rf1 Nf6 21. Ng5
Ne5 22. Qb3 Rad8 23. Ra2 Qxg5 {White resigns} 0-1

[Event "Team 45 45 League T40"]
[Site "Internet Chess Club"]
[Date "2009.02.15"]
[Round "3"]
[White "tsia68"]
[Black "charles-allen"]
[Result "1/2-1/2"]
[WhiteElo "1911"]
[BlackElo "1876"]
[Opening "English opening"]
[ECO "A20"]
[Time "14:00:15"]
[TimeControl "2700+45"]

1. c4 e5 2. g3 Nf6 3. Bg2 c6 4. d4 exd4 5. Qxd4 Na6 6. Nc3 Bc5 7. Qe5+ Be7 8.
Nf3 O-O 9. O-O Re8 10. Qd4 Bc5 11. Qd1 d6 12. Nd4 Nc7 13. e4 Bg4 14. Qd3 Ne6 15.
Nxe6 Bxe6 16. Bf4 Qe7 17. Rad1 Rad8 18. b3 Ng4 19. Qc2 Qf6 20. h3 Ne5 21. Kh2 g5
22. Bc1 Qh6 23. f3 Qh5 24. Qe2 g4 25. f4 Nf3+ 26. Rxf3 gxf3 27. Qxf3 Qxf3 28.
Bxf3 Bb4 29. Bb2 f5 30. Rd4 Bc8 31. exf5 Bc5 32. Rd1 Bxf5 33. g4 Re3 34. Kg2 Bd3
35. Na4 Be2 36. Bxe2 Rxe2+ 37. Kf3 Re3+ 38. Kg2 Re2+ 39. Kh1 Rde8 40. Bc3 Be3
41. Rxd6 Bxf4 42. Rd7 R8e3 43. Rg7+ Kf8 44. Rxh7 Rd3 45. Rh8+ Kf7 46. Rh7+ Ke8
47. Rh8+ Ke7 48. Rh7+ Ke8 49. Rh8+ Kf7 50. Rh7+ Ke8 51. Rh8+ {Game drawn by
repetition} 1/2-1/2

[Event "Team 45 45 League T40"]
[Site "Internet Chess Club"]
[Date "2009.02.15"]
[Round "3"]
[White "markgravitygood"]
[Black "Portola"]
[Result "1-0"]
[WhiteElo "1791"]
[BlackElo "1745"]
[Opening "French: King's Indian attack"]
[ECO "C00"]
[Time "15:00:15"]
[TimeControl "2700+45"]

1. e4 e6 2. d3 d5 3. Nd2 dxe4 4. dxe4 Nf6 5. Ngf3 Be7 6. Bd3 Nbd7 7. Nb3 e5 8.
O-O h6 9. Qe2 Bd6 10. Rd1 Qe7 11. a4 a5 12. Nbd2 Nb6 13. Nf1 O-O 14. Ne3 Bd7 15.
b3 Be6 16. Bb2 Bd7 17. Nd2 Be6 18. Qf3 Nh7 19. Nf5 Qf6 20. Nxd6 cxd6 21. Qe3
Rfd8 22. Qxb6 Ng5 23. f3 Qg6 24. Kh1 Qh5 25. Nf1 Nxf3 26. gxf3 Qxf3+ 27. Kg1 Bh3
28. Qf2 Qh5 29. Ne3 d5 30. Nxd5 Rd6 31. Qg3 Rg6 32. Ne7+ Kh7 33. Nxg6 fxg6 34.
Qxe5 Qg4+ 35. Qg3 Qh5 36. Rd2 Rf8 37. Rf2 Rg8 38. Be2 Qc5 39. Qxh3 Qxc2 40. Bc4
Qxe4 41. Bxg8+ {Black resigns} 1-0

[Event "Team 45 45 League T40"]
[Site "Internet Chess Club"]
[Date "2009.02.15"]
[Round "3"]
[White "room-matt"]
[Black "ShanghaiTom"]
[Result "1/2-1/2"]
[WhiteElo "1782"]
[BlackElo "1752"]
[Opening "French: exchange variation"]
[ECO "C01"]
[Time "00:17:37"]
[TimeControl "2700+45"]

1. e4 e6 2. d4 d5 3. exd5 exd5 4. Nf3 Nf6 5. Bd3 Bg4 6. O-O Be7 7. c4 dxc4 8.
Bxc4 O-O 9. Re1 Nbd7 10. h3 Bh5 11. Qd3 Nb6 12. Bb3 c6 13. Bg5 Bg6 14. Qd1 h6
15. Bh4 Nfd5 16. Bxe7 Nxe7 17. Nc3 Ned5 18. Rc1 Qd6 19. Ne4 Bxe4 20. Rxe4 Rfe8
21. Rxe8+ Rxe8 22. Qd3 Nf6 23. Re1 Rd8 24. Qg6 Nbd5 25. Qf5 Nc7 26. Ne5 Ncd5 27.
g4 Rf8 28. h4 Ne7 29. Qf4 Nfd5 30. Qe4 Re8 31. Re3 Rf8 32. Rf3 Nf6 33. Rxf6 gxf6
34. Ng6 Nd5 35. Nxf8 Kxf8 36. Qf5 Kg7 37. h5 Qf4 {Game drawn by mutual
agreement} 1/2-1/2

[Event "Team 45 45 League T40"]
[Site "Internet Chess Club"]
[Date "2009.02.17"]
[Round "3"]
[White "jazzyrick"]
[Black "clarinetref"]
[Result "1-0"]
[WhiteElo "1503"]
[BlackElo "1646"]
[Opening "King's pawn opening"]
[ECO "B07"]
[Time "12:20:40"]
[TimeControl "2700+45"]

1. e4 d6 2. b3 e5 3. Bb2 Nf6 4. d4 exd4 5. Qxd4 Nc6 6. Qe3 Be6 7. Bb5 Qd7 8. Nc3
a6 9. Bxc6 Qxc6 10. f3 Nd7 11. Nge2 Nb6 12. Nd4 Qd7 13. O-O-O O-O-O 14. Nxe6
Qxe6 15. Rd3 Be7 16. Nd5 Nxd5 17. exd5 Qxe3+ 18. Rxe3 Bg5 19. Kd2 Bxe3+ 20. Kxe3
Rde8+ 21. Kd3 f6 22. g4 h6 23. h4 Re7 24. Bc1 Re5 25. c4 g5 26. hxg5 fxg5 27. f4
gxf4 28. Bxf4 Ree8 29. Bxh6 Reg8 30. Rh4 Rg6 31. g5 Kd7 32. Re4 c6 33. Ke3 Rh7
34. Rf4 Re7+ 35. Kf2 b5 36. Kg3 cxd5 37. cxd5 Re5 38. Rd4 Re2 39. Kg4 Rg8 40.
Kf5 Rf2+ 41. Rf4 Rxf4+ 42. Kxf4 Ke7 43. Kf5 Kf7 44. b4 Re8 45. g6+ Kg8 46. Bf4
Rf8+ 47. Kg5 Kg7 48. Bxd6 Rd8 49. Be5+ Kg8 50. d6 Rd7 51. Kf6 Kf8 52. Ke6 Ra7
53. g7+ Kg8 54. d7 Ra8 55. Ke7 Ra7 56. Bf6 a5 57. bxa5 b4 58. Ke8 Rxa5 59. d8=Q
Rxa2 60. Qd5+ {Black resigns} 1-0